 Dungeon Crawl Stone Soup version 0.28.0-45-g0d030f2227 (webtiles) character file.

Game seed: 17046969222994396203

99 101zpm the Caller (level 5, 0/28 HPs)
             Began as a Kobold Summoner on Apr 20, 2022.
             Killed from afar by an orc wizard (6 damage)
             ... with a magic dart
             ... on level 3 of the Dungeon.
             The game lasted 00:17:58 (8352 turns).

101zpm the Caller (Kobold Summoner)                 Turns: 8352, Time: 00:17:58

Health: 0/28       AC:  4    Str:  5    XL:     5   Next: 2%
Magic:  2/9        EV: 15    Int: 19    God:
Gold:   75         SH:  0    Dex: 15    Spells: 4/9 levels left

rFire   . . .      SeeInvis .     - Unarmed
rCold   . . .      Faith    .   (no shield)
rNeg    + . .      Spirit   .   q - +2 robe {rN+}
rPois   .          Reflect  .   (no helmet)
rElec   .          Harm     .   (no cloak)
rCorr   .          Rampage  .   (no gloves)
Will    .....                   (no boots)
Stlth   +++.......              (no amulet)
HPRegen 0.09/turn               (no ring)
MPRegen 0.11/turn               (no ring)

@: no status effects
A: small, no large weapons, nightstalker 3
a: no special abilities


You were on level 3 of the Dungeon.
You visited 1 branch of the dungeon, and saw 4 of its levels.

You collected 75 gold pieces.

Inventory:

Hand Weapons
 i - a +0 hunting sling
Missiles
 h - 51 stones
 j - 6 curare-tipped darts
Armour
 a - a +0 robe
 l - a +1 ring mail of willpower
 q - a +2 robe of positive energy (worn)
Scrolls
 b - 3 scrolls of identify
 d - a scroll of magic mapping {unknown}
 f - a scroll of blinking {unknown}
 g - a scroll of enchant weapon {unknown}
 n - 3 scrolls of noise
 o - a scroll of teleportation {unknown}
 p - a scroll of amnesia {unknown}
Potions
 c - a potion of invisibility {unknown}
 e - a potion of attraction {unknown}
 k - a potion of heal wounds {unknown}
 m - 3 potions of curing {unknown}


   Skills:
 + Level 0.4 Fighting
 + Level 0.1 Armour
 + Level 3.0 Dodging
 + Level 3.6 Stealth
 + Level 1.4 Unarmed Combat
 + Level 2.9 Spellcasting
 + Level 0.1 Conjurations
 + Level 4.6 Summonings


You had 4 spell levels left.
You knew the following spells:

 Your Spells              Type           Power      Damage    Failure   Level
a - Summon Small Mammal   Summ           80%        N/A       2%          1
b - Foxfire               Conj/Fire      12%        2x1d4     16%         1
c - Summon Guardian Gole  Hex/Summ       11%        N/A       19%         3

Your spell library contained the following spells:

 Spells                   Type           Power      Damage    Failure   Level
 Call Imp                 Summ           20%        N/A       3%          2
 Call Canine Familiar     Summ           20%        N/A       7%          3
 Conjure Flame            Conj/Fire      3%         6-21      41%         3
 Inner Flame              Hex/Fire       2%         N/A       41%         3
 Gell's Gravitas          Tloc           2%         N/A       43%         3
 Teleport Other           Tloc           2%         N/A       43%         3
 Summon Lightning Spire   Summ/Air       11%        N/A       52%         4
 Flame Wave               Conj/Fire      3%         2d4       83%         4
 Dispersal                Tloc           1%         N/A       100%        6


Dungeon Overview and Level Annotations

Branches:
Dungeon (4/15)
 Temple: D:4-7

Altars:
Dithmenos
Qazlal
Ru
Vehumet

Shops:
D:3 ?

Annotations:
D:2 Jessica, Sigmund


Innate Abilities, Weirdness & Mutations

You are small and have problems with some larger weapons.
You are completely attuned to the shadows.


Message History

You barely miss the orc wizard. Your punch misses the orc wizard.
The orc wizard is heavily wounded.
The orc wizard hits you with a +0 dagger.
Your rat closely misses the orc wizard. x2
You hit the orc wizard but do no damage.
The orc wizard is heavily wounded.
The orc wizard points at you and mumbles some strange words.
The puff of flame misses you.
Your rat closely misses the orc wizard.
Your rat bites the orc wizard but does no damage.
You hit the orc wizard.
The orc wizard is severely wounded.
The orc wizard barely misses you.
Your rat bites the orc wizard but does no damage.
Your rat closely misses the orc wizard.
You barely miss the orc wizard.
The orc wizard is severely wounded.
The orc wizard points at you and mumbles some strange words.
The magic dart hits you.
* * * LOW HITPOINT WARNING * * *
You hit the orc wizard but do no damage.
The orc wizard is severely wounded.
Your rat bites the orc wizard but does no damage.
Your rat barely misses the orc wizard.
The orc wizard hits you but does no damage.
You hit the orc wizard but do no damage.
The orc wizard is severely wounded.
Your rat bites the orc wizard. x2
The orc wizard hits you with a +0 dagger.
* * * LOW HITPOINT WARNING * * *
You closely miss the orc wizard.
The orc wizard is severely wounded.
Your rat barely misses the orc wizard.
Your rat misses the orc wizard. The orc wizard barely misses you.
Casting: Summon Small Mammal (safe; 2% risk of failure)
Confirm with . or Enter, or press ? or * to list all spells.
Okay, then.
Your rat bites the orc wizard but does no damage. x2
The orc wizard casts a spell at you. The magic dart hits you.
You die...

#...........###... #.
#.####..........## #.# #.# #.#
#.####.###### #.# #.# #.# #.#
#.###### #.# #####.####.####.#
#.##....
..#####...#.rr.o......#
#.##.###
..........#.####.#########.##.#
..#####...#.# #.# ##....##.#
.>######.##.# #@# ##..#..##.#
.o....{#.##)####.####..###.##.#
^###....9...............#..†..#
.#
#.....≈)................######
o###....≈≈≈≈.....####.##.### #.
).##...≈≈≈≈≈≈≈.....##.##.# #>
..##....≈≈≈≈≈≈...#.##.##.# #.
..# >.≈≈≈≈≈#.##.##.#######. ...
_8≈≈≈≈≈.#...##.........


You could see an orc wizard.

Vanquished Creatures
  A ball python (D:2)
  3 endoplasms
  3 giant cockroaches
  2 hobgoblins (D:2)
  A kobold (D:2)
  2 quokkas (D:2)
  3 bats (D:2)
  7 rats
22 creatures vanquished.

Vanquished Creatures (collateral kills)
  2 adders
  3 worms
  A dart slug (D:3)
  2 orcs (D:3)
  5 endoplasms
  2 giant cockroaches (D:1)
  2 goblins
  2 hobgoblins (D:1)
  6 jackals (D:1)
  3 kobolds
  2 quokkas (D:1)
  3 ball pythons
  4 bats
  5 rats
42 creatures vanquished.

Vanquished Creatures (others)
  24 foxfires
  6 plants (D:1)
30 creatures vanquished.

Grand Total: 94 creatures vanquished

Notes
Turn   | Place    | Note
-------+----------+-------------------------------------------
     0 | D:1      | 101zpm the Kobold Summoner began the quest for the Orb.
     0 | D:1      | Reached XP level 1. HP: 10/10 MP: 3/3
   283 | D:1      | Found a faded altar of an unknown god.
   622 | D:1      | Reached XP level 2. HP: 5/15 MP: 3/5
  1405 | D:1      | Reached XP level 3. HP: 5/19 MP: 3/6
  3372 | D:1      | Learned a level 1 spell: Foxfire
  3376 | D:1      | Learned a level 3 spell: Summon Guardian Golem
  3411 | D:2      | Noticed Sigmund
  4369 | D:2      | Reached XP level 4. HP: 24/24 MP: 4/7
  4998 | D:2      | Noticed Jessica
  5550 | D:2      | Reached skill level 1 in Unarmed Combat
  6283 | D:3      | Found a stormy altar of Qazlal.
  6334 | D:3      | Found Peruimuff's Magic Scroll Shoppe.
  7126 | D:3      | Found a radiant altar of Vehumet.
  7126 | D:3      | Found a shadowy altar of Dithmenos.
  7640 | D:3      | Found a sacrificial altar of Ru.
  7674 | D:4      | Noticed an ice beast
  7767 | D:4      | Noticed an ogre
  8317 | D:3      | Reached XP level 5. HP: 28/28 MP: 2/9
  8352 | D:3      | Killed from afar by an orc wizard

Illustrated notes

Levels and vault maps discovered:
D:1:      lemuel_arrival_muddy, layout_loops_corners,
          hellmonk_ecumenical_altar_crossroads, chequers_big_river
D:2:      layout_loops_corners, uniq_sigmund, uniq_jessica
D:3:      layout_loops_ring, nicolae_qazlal_general_emergency,
          chequers_temple_overflow_statue_of_worship, serial_shops, shop_scrolls
D:4:      layout_layer_cave, lemuel_round_altar, gammafunk_ghost_icy,
          uniq_natasha

Skill      XL: |  1  2  3  4 |
---------------+-------------+-----
Stealth        | 3 |  3.6
Unarmed Combat | 1 |  1.4
Dodging        | 3 |  3.0
Fighting       | |  0.4
Armour         | |  0.1
Spellcasting   | |  2.9
Conjurations   | |  0.1
Summonings     | |  4.6

Action                   |  1- 3 |  4- 6 || total
-------------------------+-------+-------++-------
Melee: Unarmed           |    78 |   189 ||   267
       Punch             |     1 |     5 ||     6
 Cast: Summon Small Mamm |    52 |    67 ||   119
       Foxfire           |     8 |     7 ||    15
       Summon Guardian G |       |     1 ||     1
  Use: Scroll            |       |     1 ||     1
 Stab: Sleeping          |     5 |     4 ||     9
       Distracted        |     3 |     1 ||     4
Armor: Robe              |    16 |     9 ||    25
       Ring mail         |       |    58 ||    58
Dodge: Dodged            |    91 |   120 ||   211
